General information
- name: BNet
- type: Ladder team game (AT/RT)
- host: Battle.net
- saver: vladtheimpaler
map: Deadlands
- players: 8
- length: 28:55
- speed: Fast
- version: 1.26 W3XP
- replay type: Public
» download(183 KB)
Players
team 1 (winner)

»
havefungoodluck (
blue | 52 APM | 949 actions | 18:16)
5 Tauren Chieftain
2 War Stomp
3 Endurance Aura
3 Shadow Hunter
1 Hex
2 Healing Wave
» actions
| Assign group hotkey | 2 | |
| Basic commands | 102 | |
| Build / train | 81 | |
| Enter build submenu | 23 | |
| Enter hero's abilities submenu | 8 | |
| Give item / drop item | 5 | |
| Remove unit from queue | 4 | |
| Right click | 346 | |
| Select / deselect | 305 | |
| Select group hotkey | 16 | |
| Use ability | 57 | |
949 total
» units
| Peon | 22 | |
| Grunt | 10 | |
| Raider | 7 | |
| Kodo Beast | 1 | |
| Spirit Walker | 2 | |
| Troll Batrider | 1 | |
43 total
» upgrades
| Melee Weapons | 3 | |
| Armor | 3 | |
| Spiked Barricades | 1 | |
| Ensnare | 1 | |
| War Drums Damage Increase | 1 | |
| Spirit Walker Training | 1 | |
10 total
» buildings
| Barracks | 2 | |
| Orc Burrow | 5 | |
| Altar of Storms | 1 | |
| Voodoo Lounge | 1 | |
| Stronghold | 1 | |
| War Mill | 1 | |
| Great Hall | 1 | |
| Beastiary | 2 | |
| Watch Tower | 2 | |
| Fortress | 2 | |
| Spirit Lodge | 1 | |
| Tauren Totem | 1 | |
20 total
» build order
00:08 Barracks
00:10 Barracks
00:14 Orc Burrow
00:32 Altar of Storms
01:35 Orc Burrow
02:40 Voodoo Lounge
03:51 Orc Burrow
04:39 Stronghold
05:03 War Mill
06:22 Great Hall
06:37 Orc Burrow
08:30 Orc Burrow
09:08 Beastiary
10:40 Watch Tower
10:43 Fortress
13:17 Beastiary
13:22 Watch Tower
14:08 Spirit Lodge
16:26 Tauren Totem
» items
| Healing Salve | 3 | |
| Lesser Clarity Potion | 5 | |
| Dust of Appearance | 1 | |
| Potion of Lesser Invulnerability | 1 | |
| Scroll of Regeneration | 1 | |
11 total
milked.avid (
pink | 72 APM | 2072 actions | 28:55)
5 Archmage
3 Summon Water Elemental
2 Brilliance Aura
2 Paladin
1 Holy Light
1 Divine Shield
» actions
| Assign group hotkey | 71 | |
| Basic commands | 202 | |
| Build / train | 103 | |
| Enter build submenu | 48 | |
| Enter hero's abilities submenu | 7 | |
| Give item / drop item | 3 | |
| Right click | 629 | |
| Select / deselect | 372 | |
| Select group hotkey | 455 | |
| Use ability | 182 | |
2072 total
» units
| Peasant | 17 | |
| Footman | 7 | |
| Rifleman | 2 | |
| Goblin Shredder | 6 | |
| Goblin Zeppelin | 1 | |
| Gryphon Rider | 6 | |
| Dragonhawk Rider | 2 | |
| Fel Beast | 1 | |
| Draenei Disciple | 1 | |
| Voidwalker | 1 | |
| Draenei Darkslayer | 1 | |
45 total
» upgrades
| Animal War Training | 1 | |
| Storm Hammers | 1 | |
| Masonry | 2 | |
| Swords | 3 | |
| Cloud | 1 | |
| Armor | 2 | |
10 total
» buildings
| Altar of Kings | 2 | |
| Farm | 16 | |
| Lumber Mill | 5 | |
| Barracks | 1 | |
| Blacksmith | 1 | |
| Scout Tower | 60 | |
| Arcane Tower | 2 | |
| Arcane Vault | 2 | |
| Town Hall | 4 | |
| Keep | 2 | |
| Guard Tower | 13 | |
| Castle | 4 | |
| Gryphon Aviary | 4 | |
116 total
» build order
00:10 Altar of Kings
00:12 Altar of Kings
00:17 Farm
00:45 Lumber Mill
00:58 Farm
01:50 Barracks
01:57 Blacksmith
02:30 Scout Tower
02:58 Arcane Tower
03:13 Farm
03:16 Farm
03:43 Arcane Vault
05:07 Town Hall
05:08 Town Hall
05:10 Scout Tower
05:11 Scout Tower
05:12 Scout Tower
05:13 Scout Tower
05:24 Keep
06:33 Arcane Tower
06:37 Guard Tower
06:38 Guard Tower
06:38 Guard Tower
08:18 Castle
08:18 Castle
08:19 Castle
08:26 Town Hall
08:29 Scout Tower
08:30 Scout Tower
08:31 Scout Tower
08:32 Scout Tower
08:34 Scout Tower
08:34 Scout Tower
08:36 Guard Tower
08:43 Scout Tower
08:43 Scout Tower
08:43 Scout Tower
08:45 Scout Tower
08:49 Scout Tower
08:50 Scout Tower
09:16 Guard Tower
09:27 Guard Tower
10:12 Gryphon Aviary
10:13 Gryphon Aviary
10:23 Gryphon Aviary
10:23 Gryphon Aviary
10:50 Guard Tower
10:52 Guard Tower
11:47 Guard Tower
11:47 Guard Tower
12:05 Lumber Mill
12:08 Lumber Mill
12:33 Farm
12:35 Farm
12:36 Farm
12:41 Farm
12:43 Lumber Mill
13:11 Farm
13:11 Farm
13:11 Farm
14:20 Arcane Vault
14:23 Scout Tower
14:24 Scout Tower
14:25 Scout Tower
14:34 Farm
14:35 Farm
14:36 Farm
14:38 Lumber Mill
15:13 Guard Tower
15:54 Guard Tower
22:05 Scout Tower
22:05 Scout Tower
22:06 Scout Tower
22:06 Scout Tower
22:06 Scout Tower
22:06 Scout Tower
22:07 Scout Tower
22:07 Scout Tower
22:07 Scout Tower
22:08 Scout Tower
22:08 Scout Tower
22:08 Scout Tower
22:12 Farm
22:12 Farm
22:13 Scout Tower
22:14 Scout Tower
22:14 Scout Tower
22:14 Scout Tower
22:15 Scout Tower
22:15 Scout Tower
22:15 Scout Tower
22:15 Scout Tower
22:16 Scout Tower
22:16 Scout Tower
22:16 Scout Tower
22:17 Scout Tower
22:17 Scout Tower
22:17 Scout Tower
22:17 Scout Tower
22:18 Scout Tower
23:31 Scout Tower
24:01 Guard Tower
25:32 Town Hall
» items
| Lesser Clarity Potion | 6 | |
| Scroll of Regeneration | 2 | |
| Staff of Sanctuary | 4 | |
| Scroll of Town Portal | 5 | |
| Potion of Healing | 1 | |
18 total

»
TokenBaddie (
yellow | 46 APM | 1287 actions | 27:47)
5 Demon Hunter
1 Immolation
3 Mana Burn
1 Evasion
» actions
| Basic commands | 169 | |
| Build / train | 62 | |
| Enter build submenu | 14 | |
| Enter hero's abilities submenu | 7 | |
| Remove unit from queue | 1 | |
| Right click | 674 | |
| Select / deselect | 309 | |
| Use ability | 51 | |
1287 total
» units
| Wisp | 19 | |
| Archer | 15 | |
| Hippogryph | 8 | |
| Wind Rider | 1 | |
43 total
» upgrades
| Strength of the Moon | 3 | |
| Improved Bows | 1 | |
| Ultravision | 1 | |
| Moon Armor | 2 | |
| Hippogryph Taming | 1 | |
| Marksmanship | 1 | |
| Well Spring | 1 | |
10 total
» buildings
| Altar of Elders | 1 | |
| Moon Well | 5 | |
| Ancient of War | 1 | |
| Hunter's Hall | 1 | |
| Ancient of Wonders | 1 | |
| Tree of Ages | 1 | |
| Tree of Eternity | 1 | |
| Ancient of Wind | 1 | |
| Tree of Life | 1 | |
13 total
» build order
00:09 Altar of Elders
00:26 Moon Well
00:41 Ancient of War
01:39 Moon Well
02:13 Moon Well
02:39 Hunter's Hall
04:25 Ancient of Wonders
06:03 Tree of Ages
07:40 Moon Well
07:43 Moon Well
10:17 Tree of Eternity
10:55 Ancient of Wind
20:41 Tree of Life
» items

»
aminoacidx (
teal | 39 APM | 894 actions | 23:03)
5 Priestess of the Moon
1 Scout
3 Searing Arrows
1 Trueshot Aura
» actions
| Basic commands | 6 | |
| Build / train | 79 | |
| Enter build submenu | 15 | |
| Enter hero's abilities submenu | 5 | |
| Right click | 621 | |
| Select / deselect | 141 | |
| Use ability | 27 | |
894 total
» units
| Wisp | 24 | |
| Chimaera | 17 | |
| Hippogryph | 13 | |
54 total
» upgrades
| Strength of the Wild | 3 | |
| Reinforced Hides | 4 | |
| Corrosive Breath | 1 | |
| Well Spring | 1 | |
9 total
» buildings
| Moon Well | 7 | |
| Altar of Elders | 1 | |
| Hunter's Hall | 1 | |
| Ancient of Wonders | 1 | |
| Tree of Ages | 3 | |
| Tree of Eternity | 1 | |
| Ancient of Wind | 1 | |
| Chimaera Roost | 3 | |
| Tree of Life | 1 | |
19 total
» build order
00:17 Moon Well
00:21 Altar of Elders
01:08 Moon Well
01:50 Hunter's Hall
02:19 Ancient of Wonders
02:25 Moon Well
03:16 Tree of Ages
03:16 Tree of Ages
05:37 Tree of Eternity
05:42 Ancient of Wind
08:15 Chimaera Roost
08:16 Chimaera Roost
08:19 Chimaera Roost
08:26 Moon Well
09:47 Moon Well
09:49 Moon Well
09:52 Moon Well
12:11 Tree of Life
» items
team 2 (loser)
Rasicule (
red | 91 APM | 1605 actions | 17:42)
4 Death Knight
2 Death Coil
2 Unholy Aura
2 Lich
1 Frost Nova
1 Frost Armor
» actions
| Assign group hotkey | 54 | |
| Basic commands | 64 | |
| Build / train | 45 | |
| Enter build submenu | 17 | |
| Enter hero's abilities submenu | 6 | |
| Give item / drop item | 6 | |
| Right click | 671 | |
| Select / deselect | 234 | |
| Select group hotkey | 448 | |
| Use ability | 60 | |
1605 total
» units
| Acolyte | 7 | |
| Ghoul | 4 | |
| Crypt Fiend | 8 | |
| Frost Wyrm | 6 | |
25 total
» upgrades
| Web | 1 | |
| Creature Attack | 3 | |
| Creature Carapace | 2 | |
6 total
» buildings
| Crypt | 1 | |
| Graveyard | 1 | |
| Ziggurat | 9 | |
| Altar of Darkness | 1 | |
| Tomb of Relics | 1 | |
| Nerubian Tower | 1 | |
| Halls of the Dead | 1 | |
| Black Citadel | 1 | |
| Sacrificial Pit | 1 | |
| Boneyard | 2 | |
19 total
» build order
00:05 Crypt
00:10 Graveyard
00:39 Ziggurat
00:59 Altar of Darkness
01:40 Ziggurat
01:51 Tomb of Relics
02:08 Nerubian Tower
03:54 Halls of the Dead
04:07 Ziggurat
05:52 Ziggurat
06:37 Black Citadel
06:50 Ziggurat
08:57 Sacrificial Pit
10:41 Boneyard
10:47 Boneyard
12:04 Ziggurat
12:06 Ziggurat
12:12 Ziggurat
13:53 Ziggurat
» items
| Rod of Necromancy | 2 | |
| Orb of Corruption | 1 | |
3 total

»
wowWHATEVER (
purple | 52 APM | 1413 actions | 26:56)
2 Priestess of the Moon
1 Searing Arrows
1 Trueshot Aura
» actions
| Assign group hotkey | 146 | |
| Basic commands | 149 | |
| Build / train | 39 | |
| Enter build submenu | 9 | |
| Enter hero's abilities submenu | 2 | |
| Give item / drop item | 7 | |
| Right click | 505 | |
| Select / deselect | 286 | |
| Select group hotkey | 208 | |
| Use ability | 62 | |
1413 total
» units
| Wisp | 7 | |
| Archer | 12 | |
| Spirit Walker | 3 | |
| Demolisher | 3 | |
| Grunt | 2 | |
27 total
» buildings
| Moon Well | 4 | |
| Ancient of War | 1 | |
| Altar of Elders | 1 | |
| Ancient of Wonders | 1 | |
| Tree of Ages | 1 | |
| Hunter's Hall | 1 | |
9 total
» build order
00:20 Moon Well
00:27 Ancient of War
01:11 Moon Well
01:44 Altar of Elders
02:24 Ancient of Wonders
02:52 Moon Well
03:56 Moon Well
05:23 Tree of Ages
05:45 Hunter's Hall
» items
| Lesser Clarity Potion | 1 | |
| Moonstone | 1 | |
| Circlet of Nobility | 1 | |
| Boots of Speed | 1 | |
| Scroll of Healing | 1 | |
| Scroll of Protection | 1 | |
6 total
vladtheimpaler (
green | 72 APM | 2085 actions | 28:55)
3 Archmage
2 Blizzard
1 Brilliance Aura
1 Pit Lord
1 Rain of Fire
1 Blood Mage
1 Flame Strike
1 Lich
1 Frost Nova
1 Death Knight
1 Death Coil
» actions
| Assign group hotkey | 76 | |
| Basic commands | 165 | |
| Build / train | 113 | |
| ESC pressed | 8 | |
| Enter build submenu | 38 | |
| Enter hero's abilities submenu | 7 | |
| Give item / drop item | 7 | |
| Right click | 674 | |
| Select / deselect | 353 | |
| Select group hotkey | 439 | |
| Use ability | 205 | |
2085 total
» units
| Peasant | 31 | |
| Footman | 10 | |
| Goblin Shredder | 2 | |
| Gryphon Rider | 4 | |
47 total
» upgrades
| Armor | 3 | |
| Swords | 2 | |
| Animal War Training | 1 | |
| Storm Hammers | 1 | |
7 total
» buildings
| Altar of Kings | 1 | |
| Farm | 11 | |
| Barracks | 1 | |
| Lumber Mill | 3 | |
| Keep | 1 | |
| Town Hall | 3 | |
| Scout Tower | 74 | |
| Guard Tower | 32 | |
| Arcane Tower | 1 | |
| Castle | 2 | |
| Gryphon Aviary | 5 | |
| Blacksmith | 1 | |
135 total
» build order
00:08 Altar of Kings
00:11 Farm
00:38 Barracks
01:19 Farm
01:21 Farm
01:44 Lumber Mill
02:44 Farm
04:05 Keep
04:37 Town Hall
04:42 Scout Tower
04:43 Scout Tower
05:18 Guard Tower
05:19 Scout Tower
05:20 Scout Tower
05:59 Guard Tower
06:02 Scout Tower
06:02 Scout Tower
06:33 Arcane Tower
06:34 Guard Tower
06:34 Guard Tower
06:50 Scout Tower
06:51 Scout Tower
06:52 Scout Tower
06:53 Scout Tower
07:22 Town Hall
07:23 Scout Tower
07:24 Scout Tower
07:24 Scout Tower
07:25 Scout Tower
07:26 Scout Tower
07:26 Scout Tower
07:30 Scout Tower
07:30 Scout Tower
07:31 Scout Tower
07:40 Guard Tower
07:50 Guard Tower
07:51 Guard Tower
07:52 Guard Tower
07:52 Guard Tower
08:02 Guard Tower
08:43 Guard Tower
08:44 Guard Tower
08:56 Guard Tower
09:35 Scout Tower
09:36 Scout Tower
09:36 Scout Tower
09:37 Scout Tower
09:37 Scout Tower
09:37 Scout Tower
09:38 Scout Tower
09:38 Scout Tower
09:38 Scout Tower
09:40 Scout Tower
09:41 Scout Tower
09:41 Scout Tower
09:58 Scout Tower
09:59 Scout Tower
09:59 Scout Tower
10:00 Scout Tower
10:00 Scout Tower
10:00 Scout Tower
10:00 Scout Tower
10:01 Scout Tower
10:01 Scout Tower
10:02 Scout Tower
10:06 Scout Tower
10:06 Scout Tower
10:06 Scout Tower
10:07 Scout Tower
10:07 Scout Tower
10:07 Scout Tower
10:07 Scout Tower
10:38 Castle
10:38 Castle
10:39 Gryphon Aviary
10:58 Guard Tower
10:58 Guard Tower
10:58 Guard Tower
10:59 Guard Tower
11:00 Guard Tower
11:00 Guard Tower
11:43 Guard Tower
11:43 Guard Tower
11:50 Scout Tower
11:51 Scout Tower
11:51 Scout Tower
11:51 Scout Tower
11:52 Scout Tower
12:55 Guard Tower
13:39 Scout Tower
13:39 Scout Tower
13:39 Scout Tower
13:40 Scout Tower
13:40 Scout Tower
13:40 Scout Tower
13:41 Scout Tower
13:41 Scout Tower
13:44 Guard Tower
14:11 Lumber Mill
14:21 Guard Tower
15:11 Guard Tower
15:24 Guard Tower
15:31 Guard Tower
15:57 Blacksmith
16:09 Guard Tower
16:18 Scout Tower
16:18 Scout Tower
16:19 Scout Tower
16:19 Scout Tower
16:20 Scout Tower
16:21 Scout Tower
16:21 Scout Tower
16:46 Gryphon Aviary
16:47 Gryphon Aviary
16:47 Gryphon Aviary
16:48 Gryphon Aviary
16:56 Farm
16:56 Farm
16:56 Farm
16:57 Farm
19:44 Farm
19:44 Farm
19:45 Farm
21:09 Lumber Mill
26:10 Town Hall
» items
| Healing Salve | 3 | |
| Orb of Corruption | 1 | |
| Scroll of Town Portal | 2 | |
| Staff of Teleportation | 1 | |
| Tiny Great Hall | 1 | |
| Lesser Clarity Potion | 1 | |
| Orb of Lightning | 1 | |
10 total

»
Reluck (
orange | 19 APM | 318 actions | 16:20)
3 Blademaster
1 Wind Walk
2 Critical Strike
» actions
| Basic commands | 18 | |
| Build / train | 40 | |
| Enter build submenu | 17 | |
| Enter hero's abilities submenu | 3 | |
| Right click | 97 | |
| Select / deselect | 108 | |
| Use ability | 35 | |
318 total
» units
| Peon | 7 | |
| Grunt | 7 | |
| Shaman | 2 | |
| Tauren | 3 | |
19 total
» upgrades
| Melee Weapons | 2 | |
| Shaman Training | 2 | |
| Pulverize | 1 | |
5 total
» buildings
| Orc Burrow | 7 | |
| Altar of Storms | 1 | |
| Voodoo Lounge | 1 | |
| War Mill | 1 | |
| Barracks | 1 | |
| Watch Tower | 2 | |
| Stronghold | 1 | |
| Fortress | 1 | |
| Spirit Lodge | 1 | |
| Tauren Totem | 2 | |
18 total
» build order
00:13 Orc Burrow
00:16 Altar of Storms
00:30 Voodoo Lounge
01:21 War Mill
02:06 Barracks
04:23 Watch Tower
04:29 Stronghold
04:56 Orc Burrow
05:30 Watch Tower
07:00 Fortress
07:06 Spirit Lodge
09:37 Orc Burrow
09:46 Tauren Totem
09:48 Tauren Totem
11:43 Orc Burrow
11:46 Orc Burrow
12:46 Orc Burrow
12:50 Orc Burrow
» items
| Healing Salve | 1 | |
| Lesser Clarity Potion | 5 | |
| Scroll of Speed | 2 | |
| Scroll of Town Portal | 1 | |
| Orb of Lightning | 1 | |
10 total
Chat log
(00:16 / 5) vladtheimpaler: hog expos
(00:25 / 5) vladtheimpaler: not sure if trying to tower this is worth it
(00:27 / 5) vladtheimpaler: probably not
(00:27 / 5) vladtheimpaler: ya
(00:28 / 8) milked.avid: its impossible to get expos
(00:52 / Allies) wowWHATEVER: aminox will go bats
(00:58 / 5) vladtheimpaler: i got an anti-expo spawn
(00:59 / 5) vladtheimpaler: holy shit
(01:04 / Allies) wowWHATEVER: he will bm rass and go bats
(01:45 / Allies) Reluck: who to harrass
(01:55 / 5) vladtheimpaler: "who to harass"
(02:00 / 5) vladtheimpaler: thats our leftmost guy tho
(02:02 / Allies) wowWHATEVER: orange last gaem was orrid lmao
(02:12 / Allies) Reluck: yea it was shit
(04:53 / 5) vladtheimpaler: shredder is up
(06:26 / Allies) wowWHATEVER: wood 100?
(06:59 / Allies) wowWHATEVER: dude
(07:01 / Allies) wowWHATEVER: the mana
(07:06 / Allies) wowWHATEVER: u have an aura regen
(07:07 / Allies) wowWHATEVER: i dont
(07:09 / Allies) wowWHATEVER: ok gg
(07:15 / All) wowWHATEVER: u won
(07:16 / 5) vladtheimpaler: ally is gonna stab over a 200 godl mana tiem
(07:18 / 5) vladtheimpaler: for his potm
(07:39 / All) wowWHATEVER: greens leechin and takes every expo
(07:43 / All) wowWHATEVER: every item
(07:47 / All) wowWHATEVER: congrats ona loss green
(08:01 / All) wowWHATEVER: i forgot an AM needs a mana pot with lev 2 aura?
(08:12 / All) wowWHATEVER: just hit us yellow
(08:31 / Allies) vladtheimpaler: tk the elf
(08:32 / Allies) vladtheimpaler: hes killing us
(08:36 / All) wowWHATEVER: yawn
(08:54 / Allies) Reluck: wow what are u doing>
(08:56 / Allies) Reluck: ?
(09:01 / Allies) wowWHATEVER: dude the guy leeches every item
(09:04 / Allies) wowWHATEVER: and eery expo
(09:07 / Allies) vladtheimpaler: i took a 200 gold item
(09:08 / Allies) Reluck: ok?
(09:10 / Allies) vladtheimpaler: on a mine that we both creeped
(09:12 / Allies) Reluck: so u kill urself
(09:13 / Allies) wowWHATEVER: i dont fuckin play witha sshoels like this
(09:13 / Allies) vladtheimpaler: and hes raging over it
(09:22 / All) wowWHATEVER: the mine was next to my abse u asshole
(09:30 / All) wowWHATEVER: u take every fuckin item
(09:34 / All) wowWHATEVER: i hate cocky fucks
(09:42 / All) wowWHATEVER: dick im a ranked 30 player with 80% win
(09:44 / All) wowWHATEVER: ratio
(09:51 / All) wowWHATEVER: but u rather fuckin play your shit
(10:00 / Allies) wowWHATEVER: waste of time
(10:16 / All) wowWHATEVER: hes MASSED TOWERS AT HIS EXPOS AND BASE
(10:21 / All) wowWHATEVER: wonder why he loses games
(10:21 / Allies) Reluck: green ill agree u should have more units for the expos u have
(10:23 / 5) vladtheimpaler: tower up a lot
(10:24 / 5) vladtheimpaler: im beign tked
(10:28 / 5) vladtheimpaler: and your team is ready to rape
(10:46 / Allies) wowWHATEVER: he sjust gunna mass towers all game
(10:52 / Allies) wowWHATEVER: so when yoru ass gets raped red and ornage
(10:55 / Allies) vladtheimpaler: you said they were going bats
(11:06 / Allies) wowWHATEVER: so taht means u take every expo?
(11:11 / Allies) vladtheimpaler: dumb noob tking over one item
(11:20 / Allies) vladtheimpaler: "i called dibs on that cdreep camp"
(11:22 / Allies) wowWHATEVER: dude its teh fact u think your good and ua rent
(11:30 / Allies) wowWHATEVER: how the fuck do u call dibs across a map?
(11:30 / Allies) vladtheimpaler: "this guy took my item"
(11:34 / Allies) wowWHATEVER: u ran the fuck over to leech
(11:36 / Allies) vladtheimpaler: "he thinkes hes good"
(12:16 / All) wowWHATEVER: love guys with no stats like green just tjking
(12:30 / All) wowWHATEVER: its liek the last game teal
(12:32 / All) wowWHATEVER: lmao
(12:59 / All) wowWHATEVER: well have fun with your loss green
(13:16 / All) wowWHATEVER: just hide hero teal
(13:40 / All) wowWHATEVER: green has mh btw
(13:44 / All) wowWHATEVER: just so u know
(13:49 / 5) vladtheimpaler: say somethign to him
(13:51 / 5) vladtheimpaler: insulting
(14:03 / All) milked.avid: suck my ass you gay noob
(14:04 / Allies) Reluck: this sucks wow
(14:08 / 8) milked.avid: wasnt paying attention
(14:10 / Allies) wowWHATEVER: told u ornage
(14:16 / Allies) wowWHATEVER: how sad is guys like green
(14:23 / Allies) wowWHATEVER: map hacks and mass towers
(14:29 / All) wowWHATEVER: obviously green goin tanks
(14:48 / Allies) Reluck: why all the towers green?
(14:50 / 5) vladtheimpaler: holy SHIT your team is raping
(14:59 / Allies) vladtheimpaler: some liar told me they were massing bats
(15:26 / Allies) wowWHATEVER: so u need dual expos and 40 towers for bats?
(15:29 / Allies) wowWHATEVER: dude why even lie
(15:37 / Allies) wowWHATEVER: u know dam well u do this strat all the time
(15:41 / Allies) wowWHATEVER: and u goin siege
(15:55 / Allies) wowWHATEVER: gg orange
(16:00 / Allies) wowWHATEVER: another failed rt game
(16:01 / Allies) Reluck: i hate this game.
(16:04 / Allies) Reluck: goodbue
(16:09 / Allies) wowWHATEVER: the game is good
(16:15 / Allies) wowWHATEVER: its asshoels like green taht ruin it
(16:33 / Allies) vladtheimpaler: hes ruinign the leaver base
(16:35 / 5) vladtheimpaler: tk full steam
(17:04 / 5) vladtheimpaler: kill their army
(17:05 / 5) vladtheimpaler: if uc ant
(17:06 / All) wowWHATEVER: so now greens bsing oranegs base to make it his own
(17:07 / 5) vladtheimpaler: DONT kill my ally
(17:10 / 5) vladtheimpaler: NIO
(17:10 / 5) vladtheimpaler: NO
(17:12 / 5) vladtheimpaler: JIMMY NO
(17:13 / 5) vladtheimpaler: NO JIMMY
(17:14 / 5) vladtheimpaler: DONT DO IT
(17:16 / 5) vladtheimpaler: BEEYAIREH NO
(17:41 / All) TokenBaddie: wtf
(17:43 / All) TokenBaddie: pink bsing
(17:48 / 5) vladtheimpaler: ...
(19:18 / 5) vladtheimpaler: CAN U TK?
(19:21 / 8) milked.avid: tryuing
(21:29 / Allies) vladtheimpaler: you got shit on
(21:31 / Allies) vladtheimpaler: go cry another game
(22:18 / All) wowWHATEVER: he doesnt even realize pinks bsed yet
(22:27 / All) wowWHATEVER: green thinks he won by himself lmao
(22:39 / All) vladtheimpaler: hit the nail on the head
(22:53 / All) wowWHATEVER: its obvious pinks your buddy
(23:13 / All) wowWHATEVER: lmao green needed an allie from eneemy tioo win lmao
(23:14 / All) vladtheimpaler: diaper baby tries to tk over a 200 gold item
(23:17 / All) vladtheimpaler: and gets shit on
(23:21 / All) wowWHATEVER: tahst way funnier than shit!
(23:29 / All) wowWHATEVER: dude u needed a buddy on other team lamo
(23:32 / All) wowWHATEVER: dude ua re trash green
(23:36 / All) wowWHATEVER: pure trash
(23:37 / All) wowWHATEVER: lmao
(23:43 / All) milked.avid: dude dude
(23:45 / All) milked.avid: doood
(24:00 / All) wowWHATEVER: lmao dude ua re trash as well pink
(24:07 / All) wowWHATEVER: u needed to team in rt lmao
(24:09 / All) wowWHATEVER: LMAO!
(24:13 / All) milked.avid: dude
(24:14 / All) vladtheimpaler: playing video games with a friend is pathetic compared to being a psycopath all on your lonesome
(24:20 / All) milked.avid: lol
(24:28 / All) wowWHATEVER: im watchin the game with firends laughing my ass off
(24:33 / All) wowWHATEVER: thats fuckin pathetic
(24:39 / All) vladtheimpaler: do your friends tell you youre a ragelord
(24:44 / All) wowWHATEVER: we watchin ball and playing this on side
(24:48 / All) wowWHATEVER: lmao u needed to team in rt
(24:51 / All) milked.avid: im on the beach
(24:53 / All) wowWHATEVER: lmao what trash
(24:54 / All) vladtheimpaler: yioure a pathological liar
(24:55 / All) milked.avid: having sex with 2 girls right now
(24:58 / All) vladtheimpaler: show me your ak 47
(24:59 / All) wowWHATEVER: lmwo
(25:07 / All) wowWHATEVER: trash lmao!
(25:13 / All) wowWHATEVER: 2 white trash college roomies ua re
(25:17 / All) vladtheimpaler: "i am watching ball" - a guy who never watches any sports ever
(25:19 / All) wowWHATEVER: sharing a room together lmao
(25:25 / All) vladtheimpaler: hit the nail on the head
(25:34 / All) wowWHATEVER: lmao !!! 2 college roomies in wyoming playing this
(25:42 / All) wowWHATEVER: lmao dude u 2 guys have been doin this for years!
(25:44 / All) wowWHATEVER: FOR YEARS!
(25:53 / All) vladtheimpaler: fight me in my dojo
(25:55 / All) wowWHATEVER: your the same 2 dumb asses been doin this for YEARS
(25:56 / All) milked.avid: where are you coming up with this stuff
(25:58 / All) wowWHATEVER: FOR YEARS
(26:03 / All) wowWHATEVER: anytime u want green
(26:06 / All) milked.avid: total psychopath
(26:09 / Allies) wowWHATEVER: 101-11 100st ny ny
(26:12 / Allies) wowWHATEVER: ask for mike
(26:18 / All) milked.avid: he didnt need any help wiping out everything you own
(26:18 / Allies) wowWHATEVER: anytime u want it dojo boy
(26:20 / All) milked.avid: he did that all on his own
(26:26 / Allies) wowWHATEVER: lmao come to my dojo lol
(26:27 / All) milked.avid: even though youre so skilled
(26:32 / Allies) wowWHATEVER: dude hes trash
(26:37 / Allies) wowWHATEVER: wyoming college roomies you 2
(26:40 / Allies) wowWHATEVER: tell ya what
(26:43 / All) vladtheimpaler: i killed my team and pink killed his
(26:45 / Allies) wowWHATEVER: both of u make the trip
(26:45 / All) vladtheimpaler: easy 1v3 win
(26:48 / All) vladtheimpaler: vs noobs
(26:51 / Allies) wowWHATEVER: ill bitch slap both of ya
(27:07 / 8) milked.avid: i still have an ally
(27:09 / All) vladtheimpaler: im glad we matched that guy
(27:11 / All) vladtheimpaler: tieboot
(27:28 / 5) vladtheimpaler: th on
(27:44 / 8) milked.avid: th on
(27:48 / 8) milked.avid: this merc has immolation
(28:04 / 8) milked.avid: the draenei in this game have wooden mouths
(28:09 / 8) milked.avid: and look like worm men
(28:21 / 8) milked.avid: in wow they look like blue babe chick breastlords
(28:38 / 8) milked.avid: who gets the loss
(28:52 / 5) vladtheimpaler: my guy i guess
(28:53 / 5) vladtheimpaler: what a nut